 Dungeon Crawl Stone Soup version 0.26.1-2-gb8aa6d0cf2 (webtiles) character file.

Game seed: 13923876218956427578

1245 hawla the Conjurer (level 8, 0/57 HPs)
             Began as a Green Draconian Conjurer on Feb 8, 2021.
             Was an Initiate of Ashenzari.
             Slain by an orc knight
             ... wielding a +0 war axe
              (14 damage)
             ... in a bailey.
             The game lasted 00:23:55 (8083 turns).

hawla the Conjurer (Green Draconian Conjurer)       Turns: 8083, Time: 00:23:56

Health: 0/57       AC:  8    Str: 10    XL:     8   Next: 25%
Magic:  1/14       EV: 12    Int: 26    God:    Ashenzari [......]
Gold:   326        SH:  0    Dex: 12    Spells: 9/16 levels left

rFire    . . .     SeeInvis .   p - +1 whip of Makhleb's Fury {vorpal, Fragile rC+++ Int+6 Dex+2} (curse)
rCold    + + +     Faith    .   (no shield)
rNeg     . . .     Spirit   .   (armour unavailable)
rPois    +         Reflect  .   (helmet restricted)
rElec    .         Harm     .   (no cloak)
rCorr    .         Rampage  .   j - +0 pair of gloves
Will     .....                  e - +0 pair of boots
Stlth    ++........             (no amulet)
HPRegen  0.19/turn              (no ring)
MPRegen  0.14/turn              (no ring)

@: about to teleport, short of breath, studying Polearms
A: breathe noxious fumes, unfitting armour, poison resistance, cold-blooded, AC
+6
a: Breathe Noxious Fumes, Renounce Religion, Curse Item


You were in a bailey.
You worshipped Ashenzari.
Ashenzari was noncommittal.
You visited 2 branches of the dungeon, and saw 8 of its levels.
You also visited: Bailey.

You collected 326 gold pieces.

Inventory:

Hand Weapons
 p - the cursed +1 whip of Makhleb's Fury (weapon) {vorpal, Fragile rC+++ Int+6 Dex+2}
   (You found it on level 6 of the Dungeon)

   It inflicts extra damage upon your enemies.
   It affects your intelligence (+6).
   It affects your dexterity (+2).
   It renders you almost immune to cold.
   It will be destroyed if unequipped.
   It has a curse placed upon it.
Missiles
 g - 41 poisoned darts (quivered)
 k - 4 atropa-tipped darts
 o - 4 javelins
Armour
 e - a +0 pair of boots (worn)
 j - a +0 pair of gloves (worn)
 r - a +0 buckler
Wands
 c - a wand of random effects (16)
 h - a wand of iceblast (1)
Scrolls
 a - 2 scrolls of remove curse
 b - 4 scrolls of teleportation
 d - 2 scrolls of blinking
 f - a scroll of magic mapping
 l - a scroll of random uselessness {unknown}
 q - 3 scrolls of identify
Books
 n - a manual of Polearms


   Skills:
 + Level 1.9 Maces & Flails
 - Level 2.2 Polearms
 - Level 1.7 Dodging
 - Level 1.7 Stealth
 + Level 2.3 Shields
 + Level 4.5 Spellcasting
 - Level 7.1 Conjurations
 - Level 4.4 Translocations
 + Level 2.2 Earth Magic


You had 9 spell levels left.
You knew the following spells:

 Your Spells              Type           Power        Failure   Level
a - Magic Dart            Conj           100%         1%          1
b - Searing Ray           Conj           84%          1%          2
c - Iskenderun's Mystic   Conj/Tloc      36%          8%          4

Your spell library contained the following spells:

 Spells                   Type           Power        Failure   Level
 Dazzling Flash           Conj/Hex       48%          5%          3
 Fulminant Prism          Conj/Hex       12%          19%         4


Dungeon Overview and Level Annotations

Branches:
Dungeon (7/15)             Temple (1/1) D:7          Bailey (1/1)

Altars:
Ashenzari
Elyvilon
Fedhas
Hepliaklqana
Kikubaaqudgha
Nemelex Xobeh
Okawaru
Qazlal
Xom
Yredelemnul
Zin

Shops:
D:5 (

Annotations:
D:4 2 transporters, Gadfly's ghost, amateur DsMo


Innate Abilities, Weirdness & Mutations

You can breathe blasts of noxious fumes.
Your lurid green scales are hard. (AC +6)
You cannot fit into any form of body armour.
Your system is resistant to poisons. (rPois)
You are cold-blooded and may be slowed by cold attacks.


Message History

The orc knight appears confused.
The hobgoblin is engulfed in noxious fumes.
The hobgoblin appears confused.
The hobgoblin falls into the water!
The hobgoblin drowns.
You hear a splash. x2
The goblin is engulfed in noxious fumes.
The goblin appears confused.
You kill the goblin!
You feel better.
The orc knight hits you with a +0 war axe!
* * * LOW HITPOINT WARNING * * *
Blink to where?
Press: ? - help, Dir - move target, p - orc knight
As you read the scroll of blinking, it crumbles to dust.
As you read the scroll of teleportation, it crumbles to dust.
You feel strangely unstable.
The orc knight is engulfed in noxious fumes.
The orc knight appears confused.
The orc knight hits you with a +0 war axe!
You die...

#....≈.≈(...#
#'###≈.≈###'#
#...(≈.≈..(.#
#'###≈g≈###'#
#.(((≈g≈((.^#
#'###≈)≈###'#
#...(≈.≈....#
#'###≈°≈###'#
#∩..(≈@≈(..∩#
######o######
##.§.##
#8...8#
##.∩.## ##8##
###


You could see an orc knight (confused), a gnoll and a hobgoblin.

Vanquished Creatures
  3 orc warriors
  A phantom (D:4)
  2 centaurs
  A scorpion (D:7)
  A centaur zombie (D:7)
  An orc priest (D:6)
  A hound (D:6)
  6 orc wizards
  A centaur skeleton (D:5)
  2 iguanas (D:4)
  A worker ant (D:7)
  A hound zombie (D:6)
  Robin (D:2)
  6 adders
  3 gnolls (D:4)
  A howler monkey skeleton (D:6)
  2 white imps (D:5)
  An ufetubus (D:6)
  An ooze (D:3)
  5 worms
  A dart slug (D:2)
  A leopard gecko (D:4)
  18 orcs
  3 giant cockroaches
  19 goblins
  14 hobgoblins
  8 jackals
  25 kobolds
  4 quokkas
  3 ball pythons
  7 bats
  7 frilled lizards
  6 rats
157 creatures vanquished.

Notes
Turn   | Place    | Note
-------+----------+-------------------------------------------
     0 | D:1      | hawla the Draconian Conjurer began the quest for the Orb.
     0 | D:1      | Reached XP level 1. HP: 14/14 MP: 3/3
   390 | D:1      | Reached XP level 2. HP: 20/20 MP: 0/5
   426 | D:1      | Learned a level 2 spell: Searing Ray
   896 | D:1      | Reached XP level 3. HP: 26/26 MP: 4/6
  1420 | D:2      | Noticed Robin
  1449 | D:2      | Killed Robin
  1450 | D:2      | Reached skill level 5 in Conjurations
  1456 | D:2      | HP: 1/26 [goblin/stone[Robin] (4)]
  1998 | D:2      | Reached XP level 4. HP: 33/33 MP: 1/8
  2009 | D:2      | Learned a level 4 spell: Iskenderun's Mystic Blast
  2572 | D:2      | Reached skill level 1 in Translocations
  3554 | D:3      | Reached XP level 5. HP: 38/38 MP: 4/9
  3871 | D:4      | Noticed Gadfly's ghost (amateur DsMo)
  3877 | D:4      | Found a transporter.
  3879 | D:4      | Found a transporter.
  4739 | D:4      | Reached skill level 6 in Conjurations
  4739 | D:4      | Reached XP level 6. HP: 45/45 MP: 6/11
  5447 | D:5      | Entered Level 5 of the Dungeon
  5758 | D:5      | Reached skill level 1 in Polearms
  5758 | D:5      | Your scales start taking on a lurid green colour.
  5758 | D:5      | Reached XP level 7. HP: 44/50 MP: 3/12
  5758 | D:5      | Gained mutation: Your system is resistant to poisons.
                  | (rPois) [Green Draconian growth]
  5961 | D:5      | Found Ufump's Antique Weapon Emporium.
  6007 | D:5      | Found a glowing silver altar of Zin.
  6061 | D:5      | Found a basalt altar of Yredelemnul.
  6105 | D:5      | Found a blossoming altar of Fedhas.
  6105 | D:5      | Found a white marble altar of Elyvilon.
  6106 | D:5      | Found a sparkling altar of Nemelex Xobeh.
  7016 | D:6      | Reached skill level 1 in Shields
  7230 | D:6      | Found an ancient bone altar of Kikubaaqudgha.
  7234 | D:6      | Got a fading whip
  7235 | D:6      | Identified the cursed +1 whip of Makhleb's Fury {vorpal,
                  | Fragile rC+++ Int+6 Dex+2} (You found it on level 6 of the
                  | Dungeon)
  7245 | D:6      | Reached skill level 7 in Conjurations
  7245 | D:6      | Reached skill level 1 in Earth Magic
  7480 | D:7      | Found a staircase to the Ecumenical Temple.
  7488 | Temple   | Entered the Ecumenical Temple
  7494 | Temple   | Became a worshipper of Ashenzari the Shackled
  7505 | D:7      | Reached skill level 1 in Maces & Flails
  7505 | D:7      | Reached XP level 8. HP: 52/57 MP: 6/14
  7542 | D:7      | Found a flagged portal.
  7545 | Bailey   | Entered a bailey
  8048 | Bailey   | Noticed an orc knight
  8083 | Bailey   | Slain by an orc knight

Illustrated notes

Levels and vault maps discovered:
D:1:      saegor_arrival_simple_c, layout_loops_ring
D:2:      layout_basic, chequers_decorated_corner, grunt_decor_clamped,
          minmay_tetromino_t4, uniq_robin
D:3:      layout_rooms
D:4:      layout_basic, gammafunk_ghost_arena, minmay_manual_monstrance
D:5:      layout_cave_pools, minitemple, serial_shops, shop_statue
D:6:      layout_basic, kiku_gazebo_pond_becter
D:7:      layout_basic, minmay_temple_entry_ruins, enter_bailey_3, uniq_maggie
Temple:   eino_temple_rhombus
Bailey:   bailey_axe_1, bailey

Skill      XL: |  1  2  3  4  5  6  7  8 |
---------------+-------------------------+-----
Conjurations   | 5 6 7 |  7.1
Spellcasting   | 3 4 |  4.5
Translocations | 1 2 3 4 |  4.4
Polearms       | 1 2 |  2.2
Shields        | 1 2 |  2.3
Earth Magic    | 1 2 |  2.2
Maces & Flails | 1 |  1.9
Dodging        | |  1.7
Stealth        | |  1.7

Action                   |  1- 3 |  4- 6 |  7- 9 || total
-------------------------+-------+-------+-------++-------
Melee: Unarmed           |     4 |       |       ||     4
       Whip              |     9 |    46 |     6 ||    61
       Tailslap          |     1 |     8 |     3 ||    12
       Spear             |       |     9 |    20 ||    29
 Cast: Magic Dart        |    43 |    33 |    16 ||    92
       Searing Ray       |    20 |    39 |    27 ||    86
       Iskenderun's Myst |       |     3 |    12 ||    15
 Abil: Breathe Noxious F |       |       |     2 ||     2
Evoke: Wand              |       |     2 |     2 ||     4
  Use: Scroll            |     4 |     8 |     6 ||    18
       Potion            |     2 |     1 |     4 ||     7
 Stab: Distracted        |       |       |     1 ||     1
Armor: Skin              |    22 |    25 |    56 ||   103
Dodge: Dodged            |    28 |    46 |   100 ||   174
